 Dungeon Crawl Stone Soup version 0.30.0-20-g3615ddf2f0 (webtiles) character file.

Game seed: 3529761464003503595

76 qw the Chopper (level 4, -11/28 HPs)
             Began as a Gargoyle Fighter on June 1, 2023.
             Killed by divine providence
             ... invoked by an orc priest
              (17 damage)
             ... on level 3 of the Dungeon.
             The game lasted 00:00:42 (1540 turns).

qw the Chopper (Gargoyle Fighter)                   Turns: 1540, Time: 00:00:43

Health: -11/28     AC: 11    Str: 21    XL:     4   Next: 32%
Magic:  4/4        EV:  9    Int:  9    God:
Gold:   111        SH:  4    Dex:  9    Spells: 3/3 levels left

rFire   . . .        Y - +0 war axe
rCold   . . .        c - +0 buckler
rNeg    + . .        b - +0 scale mail
rPois   inf          (no helmet)
rElec   +            (no cloak)
rCorr   .            g - +0 pair of gloves
SInv    .            (no boots)
Will    .....        (no amulet) Stlth
                     (no ring)
HPRegen 0.24/turn    (no ring)
MPRegen 0.09/turn

%: no passive effects
@: no status effects
A: sickness immunity, AC +3, negative energy resistance 1, electricity
resistance, torment resistance 1, petrification resistance
a: no special abilities


You were on level 3 of the Dungeon.
You visited 1 branch of the dungeon, and saw 3 of its levels.

You collected 111 gold pieces.


Innate Abilities, Weirdness & Mutations

You are immune to sickness and miasma.
Your stone body is resilient. (AC +3)
You are immune to poison.
You resist negative energy. (rN+)
You are resistant to electric shocks. (rElec)
You are resistant to unholy torment.
You are immune to petrification.


   Skills:
 - Level 3.2 Fighting
 + Level 4.0 Axes
 - Level 3.2 Armour
 - Level 3.2 Shields


You had 3 spell levels left.
You didn't know any spells.
Your spell library was empty.

Inventory:

Hand Weapons
 l - a +0 mace
 Y - a +0 war axe (weapon)
Armour
 b - a +0 scale mail (worn)
 c - a +0 buckler (worn)
 g - a +0 pair of gloves (worn)
Scrolls
 a - 2 scrolls of identify
Potions
 d - a potion of might
 e - a potion of curing
 f - a potion of haste {unknown}
 i - a potion of ambrosia {unknown}
 j - a potion of flight {unknown}
 k - a potion of attraction {unknown}

Dungeon Overview and Level Annotations

Branches:
Dungeon (3/15)

Altars:


Message History

A hobgoblin comes into view.
The hobgoblin shouts!
Enter note: An orc comes into view. It is wielding a +0 heavy mace.
An orc priest comes into view. It is wielding a +0 flail.
The orc priest shouts!
You hear a shout! x2
The hobgoblin barely misses you.
An orc comes into view.
It is wielding a +1 flail of protection.
Enter note: You closely miss the hobgoblin.
The hobgoblin hits you.
You hit the hobgoblin.
You kill the hobgoblin!
An orc comes into view. It is wielding a +0 dagger.
You barely miss the orc. The orc hits you with a +0 heavy mace.
You closely miss the orc priest. You hit the orc.
An orc priest comes into view. It is wielding a +0 whip.
An orc comes into view. It is wielding a +0 club.
The orc priest hits you but does no damage.
The orc hits you with a +0 heavy mace.
You closely miss the orc.
The orc is moderately wounded.
The orc priest shouts!
You hit the orc priest. You block the orc priest's attack.
The orc hits you with a +0 heavy mace.
An orc priest comes into view. It is wielding a +0 short sword.
The orc priest calls down the wrath of Beogh upon you.
Beogh smites you! The orc hits you but does no damage.
The orc priest hits you but does no damage.
You closely miss the orc.
The orc is moderately wounded.
You closely miss the orc priest.
The orc priest shouts!
You slash the orc!
You kill the orc!
The orc priest mumbles some strange prayers to Beogh against you.
Beogh smites you!
Ouch! That really hurt!
You die...

#..............#
...............# .
...............#
.................###
..(.......#........#
....##....#........#
.......##.#........#
..........##.......#
......o@.###########
......)o.#
.......o...
..#.......... .
#..#.......#
....#.oo..~.# ....
#..o....# ....
#.......#


You could see 3 orc priests and 3 orcs.

Vanquished Creatures
  Jessica (D:2)
  An adder (D:2)
  A worm (D:2)
  2 dart slugs
  An orc (D:3)
  3 ball pythons (D:1)
  4 bats (D:1)
  4 endoplasms
  3 hobgoblins
  A quokka (D:2)
  A frilled lizard (D:1)
  4 goblins
  5 kobolds
  2 rats
33 creatures vanquished.

Notes
Turn   | Place    | Note
-------+----------+-------------------------------------------
     0 | D:1      | qw the Gargoyle Fighter began the quest for the Orb.
     0 | D:1      | Reached XP level 1. HP: 14/14 MP: 1/1
     0 | D:1      | 0 ||| qw: Version: 0.2-a-102-gdf20003
     0 | D:1      | 0 ||| qw: Game counter: 701
     0 | D:1      | 0 ||| qw: Always use a shield: true
     0 | D:1      | 0 ||| qw: God list: Okawaru
     0 | D:1      | 0 ||| qw: Allow faded altars: false
     0 | D:1      | 0 ||| qw: Do Orc after D:15 true
     0 | D:1      | 0 ||| qw: Do second Lair branch before Depths: true
     0 | D:1      | 0 ||| qw: Lair rune preference: random
     0 | D:1      | 0 ||| qw: Plans: Normal, Zot:1-4, Slime:5, God:TSO, Crypt,
                  | Tomb, Pan, Hells, Abyss, Win
     0 | D:1      | 0 ||| PLANNING D:1-11
    28 | D:1      | Reached skill level 2 in Axes
   100 | D:1      | Reached XP level 2. HP: 19/19 MP: 2/2
   113 | D:1      | 113 ||| Stepping ~*~*~tactically~*~*~ (hiding).
   200 | D:1      | 200 ||| Stepping ~*~*~tactically~*~*~ (stealth).
   354 | D:1      | 354 ||| DROPPING +0 club.
   366 | D:1      | 366 ||| Stepping ~*~*~tactically~*~*~ (hiding).
   367 | D:1      | 367 ||| Stepping ~*~*~tactically~*~*~ (hiding).
   369 | D:1      | 369 ||| Stepping ~*~*~tactically~*~*~ (hiding).
   511 | D:1      | Reached skill level 3 in Axes
   652 | D:1      | 652 ||| UPGRADING to +0 pair of gloves.
   657 | D:1      | 657 ||| READING 3 scrolls labelled UMMAUZXAOSU.
   658 | D:1      | 658 ||| READING scroll labelled QOAMON UTICVO.
   659 | D:1      | 659 ||| READING scroll labelled DOSHREU ZE ANO.
   660 | D:1      | 660 ||| READING scroll labelled LICRODWU ENAUP.
   661 | D:1      | 661 ||| READING 2 scrolls of identify.
   661 | D:1      | 661 ||| IDENTIFYING viscous golden potion
   662 | D:1      | 662 ||| DROPPING potion of degeneration.
   739 | D:2      | Identified the +6 quarterstaff of Classification {freeze,
                  | rF+ rN+ Dex+2 SInv}
   753 | D:2      | Reached XP level 3. HP: 23/23 MP: 3/3
   958 | D:2      | Noticed Jessica
   962 | D:2      | Killed Jessica
   963 | D:2      | Reached XP level 4. HP: 27/28 MP: 4/4
  1407 | D:2      | Reached skill level 4 in Axes
  1414 | D:2      | 1414 ||| DRINKING 2 sedimented emerald potions.
  1539 | D:3      | HP: 5/28 [orc priest/divine providence (13)]
  1540 | D:3      | Killed from afar by an orc priest

Levels and vault maps discovered:
D:1:      nicolae_arrival_memento_mori, layout_basic
D:2:      minmay_door_path, layout_rooms, minmay_misc_feat_alley,
          minmay_diced_spiral, uniq_jessica
D:3:      cheibrodos_pilgrimage, layout_basic, nicolae_ashenzari_skybound,
          hellmonk_ecumenical_altar_slurped_away, serial_rivers,
          chequers_serial_rivers_micro_a, chequers_serial_rivers_micro_b,
          chequers_serial_rivers_small_b, chequers_serial_rivers_room_b,
          chequers_serial_rivers_micro_d, serial_shops, shop

Skill      XL: |  1  2  3  4 |
---------------+-------------+-----
Axes           | 2 3 4 |  4.0
Fighting       | |  3.2
Armour         | |  3.2
Shields        | |  3.2

Action                     |  1- 3 |  4- 6 || total
---------------------------+-------+-------++-------
  Melee: War axe           |    87 |    25 ||   112
    Use: Scroll            |     5 |       ||     5
         Potion            |       |     1 ||     1
 Armour: Scale mail        |    45 |    16 ||    61
  Dodge: Dodged            |    28 |    11 ||    39
  Block: Buckler           |    13 |     4 ||    17

Table legend:
 A = Non-vault XP
 B = Vault XP
 C = Vault XP percentage of total XP
 D = Non-vault monster count
 E = Vault monster count
 F = Vault count percentage of total count
                 A         B        C        D         E       F
            +---------+---------+-------+---------+---------+-------
      Total |      44 |      68 |  60.7 |      25 |       8 |  24.2
            +---------+---------+-------+---------+---------+-------
        D:1 |      30 |       0 |   0.0 |      17 |       0 |   0.0
        D:2 |      12 |      65 |  84.4 |       7 |       7 |  50.0
        D:3 |       2 |       3 |  60.0 |       1 |       1 |  50.0
            +---------+---------+-------+---------+---------+-------
